 Dungeon Crawl Stone Soup version 0.19.4 (webtiles) character file.

13435 Naow the Destroyer (level 11, -1/54 HPs)
             Began as a Deep Elf Conjurer on Jan 30, 2017.
             Was an Elder of Vehumet.
             Slain by a naga mage
             ... wielding a +0 spear
              (13 damage)
             ... on level 11 of the Dungeon.
             The game lasted 00:24:52 (12862 turns).

Naow the Destroyer (Deep Elf Conjurer)             Turns: 12862, Time: 00:24:53

Health: -1/54      AC:  5    Str:  8    XL:     11   Next: 75%
Magic:  6/28       EV: 18    Int: 29    God:    Vehumet [****..]
Gold:   494        SH:  5    Dex: 15    Spells: 7 memorised, 7 levels left

rFire  . . .     SeeInvis .     o - staff of earth
rCold  . . .     Gourm    .     Q - +1 leather armour "Debuo" {Regen+ Str+3} (curse)
rNeg   . . .     Faith    .     (no shield)
rPois  .         Spirit   .     (no helmet)
rElec  .         Reflect  +     v - +0 cloak {MR+}
rCorr  .         Harm     .     (no gloves)
MR     ++...                    (no boots)
Stlth  ++........               d - +5 amulet of reflection
                                x - +5 ring of intelligence
                                P - ring of flight

@: lethally poisoned (-1 -> -1)
A: no striking features
a: Renounce Religion, Evoke Flight


You were on level 11 of the Dungeon.
You worshipped Vehumet.
Vehumet was greatly pleased with you.
You were not hungry.

You visited 2 branches of the dungeon, and saw 12 of its levels.

You collected 494 gold pieces.

Inventory:

Armour
 e - a +0 robe of magic resistance
 v - a +0 cloak of magic resistance (worn)
 Q - the cursed +1 leather armour "Debuo" (worn) {Regen+ Str+3}
   (You found it on level 11 of the Dungeon)

   It affects your strength (+3).
   It increases your rate of regeneration.
   It has a curse placed upon it.
Magical Staves
 o - an uncursed staff of earth (weapon)
Jewellery
 d - a +5 amulet of reflection (around neck)
 x - a +5 ring of intelligence (right hand)
 P - a ring of flight (left hand)
Wands
 m - a wand of teleportation (7/9)
 t - a wand of teleportation (7/9)
Scrolls
 h - 4 scrolls of recharging
 i - 2 scrolls of immolation
 k - 3 scrolls of fear
 n - 4 scrolls of remove curse
 p - 3 scrolls of teleportation
 r - a scroll of magic mapping
 u - 2 scrolls of amnesia
 K - 2 scrolls of fog
Potions
 j - 5 potions of curing
 q - a potion of lignification
 w - 2 potions of brilliance
 z - 2 potions of flight
 B - 2 potions of mutation
 C - 2 potions of might
 F - a potion of agility
 H - a potion of ambrosia
 I - 2 potions of degeneration
 J - a potion of haste
 L - a potion of invisibility {unknown}
 M - a potion of heal wounds {unknown}
Books
 b - a book of Conjurations

   Spells                             Type                      Level
   a - Magic Dart                     Conjuration                  1
   b - Searing Ray                    Conjuration                  2
   c - Dazzling Spray                 Conjuration/Hexes            3
   d - Fulminant Prism                Conjuration/Hexes            4
   e - Iskenderun's Mystic Blast      Conjuration                  4
   f - Iskenderun's Battlesphere      Conjuration/Charms           5
 y - the Almanac of Conjuration and Calling
   (You found it on level 8 of the Dungeon)

   Spells                             Type                      Level
   a - Summon Small Mammal            Summoning                    1
   b - Throw Flame                    Conjuration/Fire             2
   c - Fulminant Prism                Conjuration/Hexes            4
   d - Force Lance                    Conjuration/Translocation    4
   e - Iron Shot                      Conjuration/Earth            6
Comestibles
 a - 2 chunks of flesh
 c - 5 bread rations
 g - 6 meat rations
 A - 2 slices of pizza
 D - 24 fruits
 E - a beef jerky


   Skills:
 * Level 11.0 Dodging
 - Level 2.4 Stealth
 - Level 11.6 Spellcasting
 - Level 13.1 Conjurations
 - Level 9.2 Charms
 + Level 3.7 Earth Magic
 + Level 3.8 Poison Magic


You had 7 spell levels left.
You knew the following spells:

 Your Spells              Type           Power        Failure   Level  Hunger
a - Magic Dart            Conj           ####         1%          1    None
b - Searing Ray           Conj           ######       1%          2    None
c - Iskenderun's Battles  Conj/Chrm      ######..     1%          5    ###....
d - Iskenderun's Mystic   Conj           #######.     1%          4    None
e - Fulminant Prism       Conj/Hex       ######....   1%          4    None
f - Olgreb's Toxic Radia  Pois           #####...     3%          4    None
g - Iron Shot             Conj/Erth      #######...   7%          6    #####..


Dungeon Overview and Level Annotations

Branches:
Dungeon (11/15)            Temple (1/1) D:4            Lair (0/6) D:9
    Orc (0/2) D:11

Altars:
Ashenzari
Cheibriados
Dithmenos
Elyvilon
Fedhas
Gozag
Hepliaklqana
Kikubaaqudgha
Makhleb
Nemelex Xobeh
Qazlal
Ru
Sif Muna
Uskayaw
Vehumet
Yredelemnul
Zin
The Shining One

Shops:
D:9 (   D:10 =

Annotations:
D:5 Pikel


Message History

Aim: a naga mage, wielding a spear (fast)
The orb of energy hits the naga mage.
The naga mage is moderately wounded.
Your battlesphere fires!
The barrage of energy hits the naga mage.
The naga mage is heavily wounded.
The naga mage hits you from afar with a spear!
* * * LOW HITPOINT WARNING * * *
Casting: Iskenderun's Mystic Blast
Confirm with . or Enter, or press ? or * to list all spells.
Aiming: Magic Dart
Press: ? - help, Shift-Dir - straight line, f/p - naga mage
Aim: a naga mage, wielding a spear (heavily wounded, fast)
The magic dart hits the naga mage.
The naga mage is heavily wounded.
Your battlesphere fires!
The barrage of energy hits the naga mage.
The naga mage is almost dead.
The naga mage hits you from afar with a spear!
You die...

*≈,*,,,,,*,≈* *********
******+****** *⌠,,,..⌠*
**** *,* *,,,...,* *,,,
**####+###### *,##.#*,*
*,,, *≈≈≈≈≈≈≈≈≈≈≈#
*,...,,,** *,,,
#≈##^....##≈####...,,,,≈*
*,,,
#≈#...⌠...#≈#≈≈#N##.##,≈*
*,,,
#≈..⌠...⌠..≈'*.'......,≈*
*,,,
#≈.........≈'.@)).....,≈*
*,,,
#≈.⌠.._..⌠.≈#≈≈#.##.##,≈*
*,,,
#≈.........≈####,..,,,,≈*
*,,, #≈..⌠...⌠..≈#
*,,...,,** *,,,
*≈#...⌠...#≈# *,**.##,*
*,,, #≈##..)).##≈#
*,,,,..,* *,,,
#≈≈≈≈≈≈≈≈≈≈≈# *⌠,,,,.⌠*
*,,, ######'######
***+*+*** *,,, #.....[.#
*≈,,,≈* *,,,


You could see a naga mage and a friendly battlesphere.

Vanquished Creatures
  A vampire mage (D:11)
  The ghost of Naow the Destroyer, a journeyman DECj of Ashenzari (D:10)
  Sonja (D:10)
  2 hill giants
  4 deep elf magi (D:11)
  2 orc sorcerers (D:11)
  2 naga magi (D:11)
  Joseph (D:7)
  The ghost of Naow the Destroyer, a novice DECj (D:6)
  A hornet (D:9)
  A hippogriff (D:7)
  Prince Ribbit (D:8)
  7 yaks
  A steam dragon (D:10)
  3 hungry ghosts
  Menkaure (D:5)
  Eustachio (D:4)
  The ghost of Naow the Conjurer, an amateur DECj (D:4)
  2 water moccasins
  5 sky beasts
  2 ice beasts
  A black bear (D:8)
  3 orc warriors (D:7)
  2 phantoms
  3 ogres
  3 big kobolds
  10 bullfrogs
  A wyvern skeleton (D:9)
  3 scorpions (D:7)
  5 killer bees (D:9)
  8 howler monkeys
  5 wights (D:10)
  A bullfrog zombie (D:11)
  2 electric eels (D:9)
  A crimson imp (D:7)
  2 quasits
  2 hounds
  6 orc priests
  Crazy Yiuf (D:7)
  2 bullfrog skeletons
  2 centaur skeletons (D:7)
  5 iguanas
  9 orc wizards
  3 worker ants
  A hound zombie (D:9)
  8 adders
  3 gnolls (D:4)
  A shadow imp (D:5)
  2 worms
  A dart slug (D:1)
  10 leopard geckos
  38 orcs
  2 ball pythons
  8 bats
  4 giant cockroaches
  3 goblins
  9 hobgoblins
  4 jackals (D:1)
  3 quokkas
  5 frilled lizards
  16 kobolds
  A leopard gecko skeleton (D:6)
  A leopard gecko zombie (D:7)
  A quokka skeleton (D:7)
  7 rats
249 creatures vanquished.

Vanquished Creatures (others)
  A centaur (D:6)
1 creature vanquished.

Grand Total: 250 creatures vanquished

Notes
Turn   | Place    | Note
-------+----------+-------------------------------------------
     0 | D:1      | Naow the Deep Elf Conjurer began the quest for the Orb.
     0 | D:1      | Reached XP level 1. HP: 10/10 MP: 6/6
   136 | D:1      | Reached XP level 2. HP: 9/15 MP: 0/8
   141 | D:1      | Learned a level 2 spell: Searing Ray
   571 | D:1      | Reached skill level 5 in Conjurations
   749 | D:1      | Reached XP level 3. HP: 19/19 MP: 8/10
  1507 | D:2      | Reached XP level 4. HP: 24/24 MP: 2/12
  2276 | D:4      | Found a staircase to the Ecumenical Temple.
  2396 | Temple   | Entered the Ecumenical Temple
  2497 | Temple   | Became a worshipper of Vehumet
  2694 | D:4      | Reached skill level 6 in Conjurations
  2694 | D:4      | Reached XP level 5. HP: 26/28 MP: 9/14
  2709 | D:4      | Learned a level 5 spell: Iskenderun's Battlesphere
  2714 | D:4      | Learned a level 4 spell: Iskenderun's Mystic Blast
  3035 | D:4      | Reached skill level 5 in Spellcasting
  3238 | D:4      | Noticed Eustachio
  3251 | D:4      | Killed Eustachio
  3251 | D:4      | Reached XP level 6. HP: 30/32 MP: 2/16
  3982 | D:4      | Noticed Naow's ghost (amateur DECj)
  3986 | D:4      | Killed Naow's ghost
  3986 | D:4      | Reached skill level 7 in Conjurations
  4118 | D:5      | Entered Level 5 of the Dungeon
  4178 | D:5      | Reached * piety under Vehumet
  4178 | D:5      | Offered knowledge of Sting by Vehumet.
  4310 | D:5      | Noticed Menkaure
  4315 | D:5      | Killed Menkaure
  4315 | D:5      | Reached XP level 7. HP: 29/36 MP: 6/18
  4469 | D:5      | Noticed Pikel
  4588 | D:6      | Reached skill level 8 in Conjurations
  4977 | D:6      | Noticed Naow's ghost (novice DECj)
  4989 | D:6      | Reached skill level 5 in Charms
  5157 | D:6      | Killed Naow's ghost
  5157 | D:6      | Reached skill level 9 in Conjurations
  5157 | D:6      | Reached XP level 8. HP: 23/41 MP: 3/21
  5381 | D:6      | Found an opulent altar of Gozag.
  5382 | D:6      | Found a sparkling altar of Nemelex Xobeh.
  6252 | D:7      | Found a runed door.
  6331 | D:7      | Noticed Joseph
  6339 | D:7      | Killed Joseph
  6339 | D:7      | Reached skill level 10 in Conjurations
  6339 | D:7      | Reached XP level 9. HP: 40/45 MP: 1/23
  6841 | D:7      | Reached ** piety under Vehumet
  6920 | D:7      | Got a scorched steel ring
  6925 | D:7      | Found a shadowy altar of Dithmenos.
  6968 | D:7      | Reached skill level 11 in Conjurations
  7156 | D:7      | Offered knowledge of Shock by Vehumet.
  8196 | D:7      | Noticed Crazy Yiuf
  8199 | D:7      | Killed Crazy Yiuf
  8213 | D:7      | Lost strength.
  8213 | D:7      | Identified the cursed ring "Demejuc" {*Slow +Blink +Inv Str-5 Int-3} (You took it off an orc on level 7 of the Dungeon)
  8287 | D:8      | Noticed Prince Ribbit
  8292 | D:8      | Killed Prince Ribbit
  8292 | D:8      | Reached skill level 12 in Conjurations
  8500 | D:8      | Reached XP level 10. HP: 45/50 MP: 21/25
  8714 | D:8      | Identified the Almanac of Conjuration and Calling
  8757 | D:8      | Reached skill level 10 in Spellcasting
  8831 | D:8      | Found a basalt altar of Yredelemnul.
  9099 | D:8      | Offered knowledge of Conjure Flame by Vehumet.
  9852 | D:9      | Found a sacrificial altar of Ru.
 10032 | D:9      | Reached skill level 5 in Dodging
 10405 | D:9      | Reached *** piety under Vehumet
 10549 | D:9      | Found a staircase to the Lair.
 10550 | D:9      | Found Icveliag's Weapon Shoppe.
 10682 | D:9      | Found a stormy altar of Qazlal.
 10970 | D:9      | Found a glowing golden altar of the Shining One.
 11266 | D:10     | Entered Level 10 of the Dungeon
 11266 | D:10     | Noticed Sonja
 11517 | D:10     | Offered knowledge of Olgreb's Toxic Radiance by Vehumet.
 11601 | D:10     | Killed Sonja
 11710 | D:10     | Noticed Naow's ghost (journeyman DECj)
 11734 | D:9      | Reached XP level 11. HP: 36/54 MP: 11/28
 11735 | D:9      | Reached skill level 13 in Conjurations
 11911 | D:10     | Killed Naow's ghost
 12027 | D:10     | Found Meubbe Hytso's Jewellery Emporium.
 12107 | D:10     | Noticed a hill giant
 12113 | D:10     | Killed a hill giant
 12223 | D:10     | Found a blossoming altar of Fedhas.
 12462 | D:11     | Got a slimy leather armour
 12474 | D:11     | Identified the cursed +1 leather armour "Debuo" {Regen+ Str+3} (You found it on level 11 of the Dungeon)
 12479 | D:11     | Learned a level 4 spell: Fulminant Prism
 12484 | D:11     | Learned a level 4 spell: Olgreb's Toxic Radiance
 12491 | D:11     | Learned a level 6 spell: Iron Shot
 12506 | D:11     | Noticed a hill giant
 12513 | D:11     | Killed a hill giant
 12635 | D:11     | Reached skill level 1 in Earth Magic
 12635 | D:11     | Reached skill level 1 in Poison Magic
 12685 | D:11     | Noticed a deep elf mage
 12691 | D:11     | Killed a deep elf mage
 12691 | D:11     | Reached **** piety under Vehumet
 12693 | D:11     | Noticed a deep elf mage
 12696 | D:11     | Killed a deep elf mage
 12739 | D:11     | Found a deep blue altar of Sif Muna.
 12739 | D:11     | Noticed a vampire mage
 12750 | D:11     | Killed a vampire mage
 12750 | D:11     | Reached skill level 10 in Dodging
 12793 | D:11     | Noticed an orc sorcerer
 12796 | D:11     | Killed an orc sorcerer
 12796 | D:11     | Offered knowledge of Venom Bolt by Vehumet.
 12853 | D:11     | Noticed a deep elf mage
 12853 | D:11     | Noticed a deep elf mage
 12853 | D:11     | Noticed an orc sorcerer
 12857 | D:11     | Killed an orc sorcerer
 12858 | D:11     | Killed a deep elf mage
 12860 | D:11     | Killed a deep elf mage
 12862 | D:11     | Slain by a naga mage

Skill      XL: |  1  2  3  4  5  6  7  8  9 10 11 |
---------------+----------------------------------+-----
Conjurations   | 5 6 7 9 10 12 13 | 13.1
Spellcasting   | 4 5 6 7 8 9 11 | 11.6
Charms         | 2 3 5 7 9 |  9.2
Dodging        | 8 11 | 11.0
Earth Magic    | 3 |  3.7
Poison Magic   | 3 |  3.8
Stealth        | |  2.4

Action                   |  1- 3 |  4- 6 |  7- 9 | 10-12 || total
-------------------------+-------+-------+-------+-------++-------
Melee: Unarmed           |     8 |       |       |       ||     8
       Staff             |       |       |     8 |       ||     8
 Cast: Magic Dart        |    79 |   105 |   152 |   119 ||   455
       Searing Ray       |       |     5 |    34 |    18 ||    57
       Iskenderun's Myst |       |     1 |    21 |    45 ||    67
       Iskenderun's Batt |       |       |    10 |    21 ||    31
  Use: Potion            |       |       |     5 |     1 ||     6
       Scroll            |       |       |     5 |    12 ||    17
  Eat: Chunk             |     2 |     8 |    17 |    14 ||    41
Armor: Robe              |     6 |     7 |    14 |     4 ||    31
Dodge: Dodged            |     8 |    15 |    50 |    53 ||   126
Block: Other             |       |       |    16 |    10 ||    26
       Reflection        |       |       |     2 |     1 ||     3
